 Dungeon Crawl Stone Soup version 0.17.1-3-g152610e (webtiles) character file.

108 Gargoyl the Skirmisher (level 4, 0/37 HPs)
             Began as a Demonspawn Abyssal Knight on Mar 30, 2016.
             Was a Believer of Lugonu.
             Succumbed to an orc wizard's poison
             ... on level 3 of the Dungeon.
             The game lasted 00:05:11 (3077 turns).

Gargoyl the Skirmisher (Demonspawn Abyssal Knight)  Turns: 3077, Time: 00:05:11

Health: 0/37       AC:  9    Str: 14    XL:     4   Next: 58%
Magic:  5/5        EV: 12    Int: 13    God:    Lugonu [**....]
Gold:   121        SH:  0    Dex: 12    Spells: 0 memorised, 3 levels left

rFire  . . .     SeeInvis .     m - +0 war axe
rCold  . . .     Clarity  .     b - +0 leather armour
rNeg   . . .     SustAt   .     (no shield)
rPois  +         Gourm    .     (no helmet)
rElec  .         Spirit   .     h - +2 cloak
rCorr  .         Warding  .     (no gloves)
rMut   .         Stasis   .     (no boots)
MR     .....                    (no amulet)
Stlth  +.........               (no ring)
                                f - ring of poison resistance

@: confused, lethally poisoned (0 -> -3), not resistant to hostile enchantments,
very unstealthy
A: slimy green scales 2, demonic guardian 1
a: Depart the Abyss, Bend Space, Renounce Religion


You were on level 3 of the Dungeon.
You worshipped Lugonu.
Lugonu was pleased with you.
You were not hungry.

You visited 1 branch of the dungeon, and saw 3 of its levels.
You visited the Abyss 1 time.

You collected 121 gold pieces.

Inventory:

Hand Weapons
 a - a +1 hand axe
 m - a +0 war axe (weapon)
Missiles
 j - 7 tomahawks (quivered)
Armour
 b - a +0 leather armour (worn)
 h - a +2 cloak (worn)
Jewellery
 f - a ring of poison resistance (left hand)
Scrolls
 d - a scroll of fog {unknown}
 e - 3 scrolls of remove curse {unknown}
 g - 3 scrolls of identify {unknown}
 i - 2 scrolls of teleportation {unknown}
Potions
 l - a potion of brilliance
Comestibles
 c - 2 bread rations


   Skills:
 + Level 3.7 Fighting
 + Level 2.4 Axes
 + Level 2.2 Armour
 + Level 2.2 Dodging
 + Level 1.1 Stealth
 + Level 2.6 Invocations


You had 3 spell levels left.
You didn't know any spells.

Dungeon Overview and Level Annotations

Branches:
Dungeon (3/15)

Altars:


Innate Abilities, Weirdness & Mutations

You are mostly covered in slimy green scales (AC +3).
A weak demonic guardian rushes to your aid.


Message History

Something tries to affect you, but you resist.
You barely miss something.
* * * LOW HITPOINT WARNING * * *
You feel sick. Something hits you but does no damage.
You slash something!
* * * LOW HITPOINT WARNING * * *
You feel sick.
An orc wizard appears from thin air!
Reactivating autopickup.
The orc wizard hits you but does no damage.
The orc wizard points at you and mumbles some strange words.
You are confused.
You hit the orc wizard.
The orc wizard is severely wounded.
The orc wizard gestures at you while chanting.
The puff of flame hits you!
* * * LOW HITPOINT WARNING * * *
You're too confused!
Drink which item? (? for menu, Esc to quit)
Okay, then.
You die...

.. #####.. .###.## .....(.
# ## ..... >...... #. #.
...## .....#..
#.##.#####... .........
##..........#####.##..###.
#.......5.........###.....
#.#(..).†.................
......[o.@.........###....
.#...)....##.......####..
.....##†#####.......# ###
..###...# #.........# #
o###..#####.........# ####
....................###...
..#.................)...##
..........#####.#########
..######### #.#


You could see an orc wizard and a friendly ufetubus.

Vanquished Creatures
  An orc priest (D:3)
  2 adders
  3 worms (D:2)
  2 giant geckos
  2 ball pythons (D:2)
  4 giant cockroaches
  7 goblins
  7 hobgoblins
  5 kobolds
  7 bats
  3 giant newts
  4 rats
47 creatures vanquished.

Vanquished Creatures (collateral kills)
  3 orcs (D:3)
3 creatures vanquished.

Vanquished Creatures (others)
  A lurking horror (Abyss:1)
1 creature vanquished.

Grand Total: 51 creatures vanquished

Notes
Turn   | Place    | Note
--------------------------------------------------------------
     0 | Abyss:1  | Gargoyl the Demonspawn Abyssal Knight began the quest for the Orb.
     0 | Abyss:1  | Reached XP level 1. HP: 18/18 MP: 2/2
    36 | Abyss:1  | Found a corrupted altar of Lugonu.
    87 | Abyss:1  | Noticed a manticore zombie
    97 | Abyss:1  | Noticed an efreet
   119 | Abyss:1  | Noticed a raiju
   143 | Abyss:1  | Noticed a raiju
   252 | Abyss:1  | Noticed a thrashing horror
   254 | D:1      | Escaped the Abyss
   672 | D:1      | Reached * piety under Lugonu
   677 | D:1      | Gained mutation: A weak demonic guardian rushes to your aid. [demonic ancestry]
   677 | D:1      | Reached XP level 2. HP: 13/24 MP: 3/3
  1244 | D:1      | Reached skill level 1 in Dodging
  1645 | D:2      | Gained mutation: You are partially covered in slimy green scales (AC +2). [demonic ancestry]
  1645 | D:2      | Reached XP level 3. HP: 16/29 MP: 4/4
  2874 | D:3      | Reached ** piety under Lugonu
  2874 | D:3      | Gained mutation: You are mostly covered in slimy green scales (AC +3). [demonic ancestry]
  2874 | D:3      | Reached XP level 4. HP: 26/35 MP: 5/5
  3064 | D:3      | Reached skill level 1 in Stealth
  3075 | D:3      | HP: 1/37 [orc wizard/puff of flame (3)]
  3077 | D:3      | Succumbed to an orc wizard's poison

Action                   |  1- 3 |  4- 6 || total
-------------------------+-------+-------++-------
Melee: Hand axe          |   135 |     6 ||   141
       War axe           |       |    20 ||    20
Invok: Depart the Abyss  |     1 |       ||     1
  Use: Potion            |       |     2 ||     2
  Eat: Fruit             |     2 |       ||     2
       Chunk             |     5 |       ||     5
